Map: Persephone LE

Players

Zoun - Winner!

  • Race: Protoss Protoss
  • League: Master
  • Spawn Location: 7:00

STZsOs (sOs)

  • Race: Protoss Protoss
  • League: Master
  • Spawn Location: 11:00

Event: HomeStory Cup XXVII

VOD

Have the link to the VOD?

Description

Time

  • Played on: June 29, 2025, 2:06 p.m.
  • Length: 14:21

All games in this series

Show
View Real Time Build Order
Export as new Build Order

Zoun Protoss - Winner!

Build Orders: Blink Stalkers 

Get SALT Encoding   

  12  0:00  Probe  
  13  0:12  Probe  
  14  0:16  Pylon  
  14  0:23  Probe  
  15  0:31  Probe  
  15  0:36  Gateway  
  15  0:39  Probe  
  16  0:45  Assimilator  
  17  0:51  Probe  
  17  0:54  Assimilator  
  18  0:59  Probe  
  19  1:07  Gateway, Probe  
  19  1:17  Probe  
  20  1:23  Cybernetics Core  
  21  1:29  Probe  
  22  1:41  Probe  
  23  1:48  Pylon  
  23  2:03  Warp Gate  
  23  2:06  Probe, Adept x2  
  28  2:18  Probe  
  29  2:30  Nexus  
  29  2:36  Pylon  
  29  2:41  Probe  
  30  2:53  Probe  
  30  2:54  Sentry x2  
  35  3:01  Probe, Twilight Council  
  36  3:09  Probe  
  36  3:15  Pylon  
  36  3:19  Probe  
  38  3:28  Shield Battery  
  38  3:31  Probe  
  38  3:33  Shield Battery  
  38  3:34  Blink  
  39  3:43  Probe  
  40  3:48  Probe  
  40  3:54  Stalker  
  43  3:57  Stalker  
  43  4:00  Probe  
  46  4:03  Probe  
  47  4:13  Probe  
  47  4:15  Probe  
  47  4:16  Gateway  
  49  4:19  Stalker  
  49  4:21  Sentry  
  53  4:25  Probe  
  53  4:28  Pylon  
  53  4:30  Pylon  
  52  4:47  Stalker x2  
  50  4:53  Probe  
  50  4:56  Probe  
  47  5:05  Probe  
  44  5:08  Probe  
  44  5:09  Stalker  
  44  5:10  Stalker x2  
  49  5:17  Probe  
  49  5:20  Probe  
  37  5:29  Probe  
  37  5:32  Probe, Stalker  
  37  5:33  Stalker  
  37  5:39  Stalker  
  37  5:42  Probe x2  
  39  5:50  Probe  
  39  5:51  Probe  
  39  5:55  Sentry  
  43  5:57  Stalker  
  43  5:59  Probe x2  
  43  6:04  Stalker  
  49  6:08  Probe x2  
  50  6:16  Probe  
  51  6:19  Stalker  
  51  6:20  Probe  
  51  6:23  Stalker  
  51  6:25  Probe  
  57  6:32  Probe  
  59  6:41  Pylon, Nexus  
  59  6:44  Probe  
  59  6:45  Sentry  
  62  6:51  Robotics Facility  
  62  6:54  Probe, Assimilator  
  62  6:56  Probe  
  62  7:00  Stalker  
  66  7:06  Probe  
  64  7:12  Probe  
  64  7:15  Stalker  
  67  7:20  Probe  
  68  7:24  Probe  
  69  7:32  Probe  
  69  7:33  Gateway  
  70  7:37  Gateway  
  70  7:41  Sentry, Stalker  
  70  7:42  Zealot  
  71  8:00  Probe  
  71  8:01  Probe  
  71  8:02  Probe  
  72  8:07  Stalker x3  
  72  8:11  Gateway x2  
  78  8:13  Probe x2  
  78  8:14  Probe  
  78  8:17  Resonating Glaives  
  81  8:21  Gateway  
  81  8:25  Probe  
  81  8:27  Shield Battery  
  82  8:29  Observer  
  82  8:31  Probe  
  82  8:32  Pylon, Probe  
  85  8:37  Probe  
  86  8:43  Stalker x2  
  86  8:44  Probe  
  80  8:52  Stalker  
  80  8:53  Probe  
  80  8:55  Probe  
  76  8:56  Probe  
  78  9:03  Probe x2  
  78  9:08  Probe  
  81  9:13  Probe  
  81  9:15  Adept x5  
  81  9:16  Probe  
  93  9:24  Stalker  
  95  9:41  Robotics Bay  
  95  9:42  Pylon  
  95  9:43  Probe x3  
  95  9:45  Assimilator  
  98  9:46  Pylon  
  98  9:47  Pylon  
  98  9:57  Probe  
  98  9:59  Pylon  
  99  10:00  Pylon  
  99  10:03  Probe  
  99  10:05  Probe  
  101  10:09  Adept x6  
  113  10:15  Probe  
  113  10:18  Disruptor  
  114  10:24  Forge  
  114  10:27  Forge  
  118  10:39  Adept x6  
  118  10:40  Sentry  
  134  10:57  Observer  
  134  10:59  Protoss Ground Weapons Level 1  
  134  11:00  Nexus  
  134  11:02  Pylon  
  125  11:12  Stalker x3  
  129  11:30  Observer  
  129  11:36  Photon Cannon  
  129  11:37  Pylon  
  129  11:43  Pylon  
  129  11:44  Probe, Disruptor  
  132  11:56  Probe  
  132  11:57  Probe  
  135  12:05  Photon Cannon  
  135  12:06  Photon Cannon  
  135  12:08  Probe  
  136  12:11  Protoss Ground Armor Level 1, Disruptor  
  136  12:15  Probe, Shield Battery  
  136  12:16  Probe x2  
  136  12:18  Photon Cannon  
  143  12:29  Probe x2  
  143  12:33  Stalker x2  
  146  12:46  Stalker x3  
  146  12:47  Stalker  
  154  12:55  Probe x2  
  154  12:58  Disruptor  
  156  13:04  Stalker  
  156  13:05  Adept  
  138  13:14  Adept  
  138  13:15  Adept, Zealot x3  
  128  13:23  Adept  
  118  13:31  Stalker x2  
  98  13:35  Stalker x3  
  98  13:37  Zealot x2  
  98  13:45  Stalker  
  91  14:05  Stalker x4  
  91  14:06  Adept x2  
  101  14:13  Stalker  
Show
View Real Time Build Order
Export as new Build Order

STZsOs Protoss 

Build Orders: Phoenix Opening 

Get SALT Encoding   

  12  0:00  Probe  
  13  0:12  Probe  
  14  0:18  Pylon  
  14  0:23  Probe  
  15  0:32  Probe  
  15  0:36  Gateway  
  15  0:40  Probe  
  16  0:45  Assimilator  
  17  0:51  Probe  
  18  0:58  Pylon  
  18  0:59  Probe  
  19  1:04  Assimilator  
  19  1:07  Probe  
  19  1:17  Probe  
  20  1:23  Cybernetics Core  
  21  1:29  Probe  
  21  1:30  Zealot  
  24  1:41  Probe  
  25  1:53  Probe  
  26  2:00  Sentry  
  28  2:01  Phoenix  
  28  2:03  Warp Gate  
  28  2:08  Nexus  
  28  2:13  Probe  
  29  2:23  Sentry  
  29  2:29  Pylon  
  31  2:32  Shield Battery  
  31  2:39  Gateway  
  31  2:47  Gateway  
  31  2:51  Stalker  
  31  2:57  Probe  
  34  3:03  Phoenix  
  34  3:09  Probe  
  34  3:12  Shield Battery  
  34  3:21  Probe  
  34  3:22  Pylon, Probe  
  36  3:30  Probe x2  
  38  3:44  Probe  
  38  3:45  Probe  
  40  3:52  Stalker x3  
  40  3:55  Stalker x2  
  46  3:57  Stalker x2  
  46  3:58  Pylon, Probe x2  
  48  4:15  Stalker x3  
  54  4:22  Probe, Robotics Facility  
  55  4:39  Probe x2  
  53  4:49  Stalker x2  
  53  4:50  Stalker  
  57  4:57  Probe x2  
  51  5:08  Shield Battery  
  51  5:15  Warp Prism  
  51  5:17  Stalker x3  
  57  5:24  Probe x2  
  54  5:41  Immortal  
  54  5:42  Probe x2  
  56  5:47  Sentry  
  56  5:48  Sentry  
  64  5:58  Probe x2  
  64  6:01  Twilight Council  
  66  6:07  Pylon  
  66  6:08  Assimilator  
  66  6:15  Shield Battery  
  66  6:19  Resonating Glaives, Immortal  
  66  6:24  Adept x2  
  74  6:33  Probe  
  75  6:46  Pylon  
  75  6:48  Gateway x2  
  75  6:50  Gateway  
  75  7:15  Pylon  
  75  7:16  Probe  
  75  7:20  Immortal  
  76  7:26  Gateway  
  76  7:28  Gateway  
  76  7:35  Adept x3  
  72  7:59  Warp Prism  
  72  8:00  Adept x2  
  72  8:01  Adept x4  
  82  8:13  Nexus  
  82  8:21  Adept  
  82  8:22  Adept  
  86  8:30  Pylon  
  86  8:37  Pylon  
  86  8:41  Immortal  
  86  8:54  Adept x4  
  92  9:00  Dark Shrine  
  92  9:02  Nexus  
  90  9:05  Blink  
  90  9:08  Adept x2  
  94  9:18  Observer  
  94  9:20  Shield Battery  
  95  9:30  Stalker x3  
  99  9:45  Pylon  
  99  9:47  Pylon  
  99  9:48  Pylon x2  
  99  10:07  Pylon  
  98  10:08  Immortal  
  98  10:09  Probe x2  
  98  10:11  Sentry x2  
  98  10:13  Pylon  
  102  10:21  Probe  
  103  10:31  Adept x4  
  103  10:32  Adept x2  
  103  10:35  Dark Templar  
  117  10:41  Pylon  
  117  10:42  Dark Templar  
  117  10:48  Probe  
  117  10:51  Dark Templar  
  116  11:13  Probe x2  
  116  11:19  Probe, Assimilator  
  116  11:25  Probe x2  
  117  11:28  Probe  
  117  11:29  Stalker x4  
  117  11:30  Stalker x3  
  132  11:34  Stalker  
  132  11:37  Probe x2  
  132  11:38  Probe  
  136  11:45  Forge  
  137  11:49  Probe x2  
  139  11:59  Warp Prism  
  139  12:00  Stalker x4  
  147  12:08  Pylon  
  149  12:23  Stalker  
  149  12:24  Stalker x3  
  157  12:34  Pylon  
  157  12:37  Stalker x3  
  157  12:47  Stalker x3  
  163  12:55  Stalker x2  
  157  13:10  Stalker x2  
  157  13:11  Stalker x2  
  157  13:12  Zealot  
  155  13:19  Stalker  
  137  13:20  Zealot x2  
  137  13:21  Probe  
  128  13:33  Stalker x3  
  124  13:38  Immortal  
  86  13:53  Stalker x2  
  88  13:58  Stalker  
  90  14:04  Stalker  
Tags
 
Composition
Blink Stalkers
Matchup
PvP
Player
ZounsOs
Replay Pack
hsc27
Spawn Locations
Close Positions
Add a new tag
Caveats
  • Supply blocks, unpowered buildings, or Contaminate may cause inaccurate times.
  • Supply counts are checked every 10 seconds.